Map: Prion Terraces

Players

니빠

  • Race: Protoss Protoss
  • League: Diamond

ILLBdA - Winner!

  • Race: Protoss Protoss
  • League: Diamond

VOD

Have the link to the VOD?

Description

Time

  • Played on: Jan. 2, 2016, 6:34 a.m.
  • Length: 3:17
Show
View Real Time Build Order
Export as new Build Order

니빠 Protoss 

Build Orders:  

Get SALT Encoding   

  12  0:01  Probe (Chrono Boost)  
  13  0:11  Probe (Chrono Boost)  
  14  0:20  Pylon  
  14  0:25  Probe (Chrono Boost)  
  15  0:38  Probe (Chrono Boost)  
  15  0:40  Forge  
  16  0:48  Gateway  
  16  0:52  Probe (Chrono Boost)  
  17  0:58  Assimilator  
  17  1:02  Probe (Chrono Boost)  
  18  1:13  Probe (Chrono Boost)  
  19  1:23  Probe (Chrono Boost)  
  19  1:34  Probe (Chrono Boost)  
  20  1:41  Zealot (Chrono Boost)  
  20  1:45  Probe  
  23  1:52  Cybernetics Core  
  23  1:53  Pylon  
  23  2:11  Probe  
  23  2:29  Mothership Core (Chrono Boost)  
  25  2:33  Assimilator  
  25  2:36  Pylon  
  24  2:43  Pylon  
Show
View Real Time Build Order
Export as new Build Order

ILLBdA Protoss - Winner!

Build Orders: Cannon Rush 

Get SALT Encoding   

  12  0:01  Probe (Chrono Boost)  
  13  0:11  Probe (Chrono Boost)  
  14  0:18  Pylon  
  14  0:22  Probe (Chrono Boost)  
  15  0:36  Probe (Chrono Boost)  
  15  0:40  Forge  
  16  0:47  Probe (Chrono Boost)  
  17  0:58  Probe (Chrono Boost)  
  18  1:08  Probe (Chrono Boost)  
  19  1:12  Pylon  
  19  1:19  Probe (Chrono Boost)  
  19  1:20  Pylon  
  20  1:29  Probe (Chrono Boost)  
  21  1:37  Photon Cannon  
  21  1:39  Photon Cannon  
  21  1:40  Pylon  
  21  1:50  Photon Cannon  
  21  1:53  Pylon  
  21  1:57  Photon Cannon  
  21  2:01  Photon Cannon  
  21  2:05  Photon Cannon  
  21  2:11  Photon Cannon  
  21  2:15  Gateway  
  21  2:23  Photon Cannon  
  21  2:32  Photon Cannon  
  21  2:34  Photon Cannon  
  21  2:46  Photon Cannon  
  21  3:05  Photon Cannon  
  23  3:08  Photon Cannon  
  23  3:13  Gateway  
Tags
 
Matchup
PvP
Replay Pack
me
Add a new tag
Caveats
  • Supply blocks, unpowered buildings, or Contaminate may cause inaccurate times.
  • Supply counts are checked every 10 seconds.